General information
- name: BNet
- type: Ladder team game (AT/RT)
- host: Battle.net
- saver: Gobiner
map: Monsoon
- players: 6
- length: 43:28
- speed: Fast
- version: 1.21 W3XP
- replay type: Public
» download(267 KB)
Players
team 1 (loser)
guhui (
red | 55 APM | 2404 actions | 43:26)
7 Blademaster
3 Wind Walk
3 Critical Strike
1 Bladestorm
4 Tauren Chieftain
2 Endurance Aura
2 Shockwave
» actions
| Assign group hotkey | 20 | |
| Basic commands | 30 | |
| Build / train | 97 | |
| Enter build submenu | 19 | |
| Enter hero's abilities submenu | 11 | |
| Give item / drop item | 2 | |
| Remove unit from queue | 1 | |
| Right click | 980 | |
| Select / deselect | 583 | |
| Select group hotkey | 485 | |
| Use ability | 176 | |
2404 total
» units
| Peon | 11 | |
| Grunt | 3 | |
| Tauren | 11 | |
| Shaman | 7 | |
| Troll Witch Doctor | 5 | |
| Troll Batrider | 17 | |
54 total
» upgrades
| Shaman Training | 2 | |
| Pulverize | 1 | |
| Melee Weapons | 1 | |
| Witch Doctor Training | 2 | |
6 total
» buildings
| Altar of Storms | 1 | |
| Orc Burrow | 8 | |
| Voodoo Lounge | 1 | |
| Barracks | 1 | |
| Stronghold | 1 | |
| War Mill | 1 | |
| Fortress | 1 | |
| Spirit Lodge | 1 | |
| Tauren Totem | 2 | |
| Great Hall | 1 | |
| Beastiary | 3 | |
21 total
» build order
00:33 Altar of Storms
00:38 Orc Burrow
01:10 Voodoo Lounge
01:49 Orc Burrow
02:28 Barracks
02:59 Stronghold
05:21 War Mill
06:13 Fortress
06:18 Spirit Lodge
08:48 Tauren Totem
08:53 Tauren Totem
09:17 Orc Burrow
10:14 Orc Burrow
10:16 Orc Burrow
14:44 Orc Burrow
16:42 Orc Burrow
18:50 Great Hall
22:13 Orc Burrow
28:12 Beastiary
28:20 Beastiary
28:57 Beastiary
» items
| Healing Salve | 3 | |
| Lesser Clarity Potion | 8 | |
| Potion of Mana | 1 | |
| Potion of Healing | 2 | |
| Orb of Lightning | 2 | |
| Boots of Speed | 1 | |
| Staff of Teleportation | 1 | |
| Scroll of Town Portal | 1 | |
| Potion of Lesser Invulnerability | 1 | |
20 total
Kor_GoStop (
green | 44 APM | 1870 actions | 42:16)
5 Death Knight
3 Death Coil
2 Unholy Aura
4 Lich
2 Frost Nova
2 Dark Ritual
1 Crypt Lord
1 Impale
» actions
| Assign group hotkey | 32 | |
| Basic commands | 98 | |
| Build / train | 103 | |
| ESC pressed | 2 | |
| Enter build submenu | 30 | |
| Enter hero's abilities submenu | 10 | |
| Give item / drop item | 3 | |
| Right click | 635 | |
| Select / deselect | 321 | |
| Select group hotkey | 516 | |
| Use ability | 120 | |
1870 total
» units
| Acolyte | 14 | |
| Ghoul | 8 | |
| Crypt Fiend | 14 | |
| Meatwagon | 8 | |
| Obsidian Statue | 4 | |
| Frost Wyrm | 6 | |
54 total
» upgrades
| Creature Attack | 3 | |
| Unholy Strength | 2 | |
| Web | 1 | |
| Freezing Breath | 1 | |
7 total
» buildings
| Graveyard | 1 | |
| Crypt | 1 | |
| Altar of Darkness | 1 | |
| Ziggurat | 16 | |
| Tomb of Relics | 1 | |
| Halls of the Dead | 1 | |
| Slaughterhouse | 2 | |
| Black Citadel | 2 | |
| Sacrificial Pit | 1 | |
| Spirit Tower | 11 | |
| Boneyard | 1 | |
| Nerubian Tower | 3 | |
| Necropolis | 1 | |
42 total
» build order
00:12 Graveyard
00:16 Crypt
00:31 Altar of Darkness
00:48 Ziggurat
01:21 Tomb of Relics
01:29 Ziggurat
04:03 Ziggurat
04:23 Ziggurat
05:50 Halls of the Dead
06:05 Ziggurat
06:31 Ziggurat
08:21 Slaughterhouse
08:25 Slaughterhouse
09:55 Black Citadel
09:55 Black Citadel
11:35 Ziggurat
11:40 Ziggurat
13:12 Sacrificial Pit
13:28 Spirit Tower
13:29 Spirit Tower
13:29 Spirit Tower
13:30 Spirit Tower
13:30 Spirit Tower
14:03 Boneyard
16:12 Spirit Tower
16:14 Ziggurat
16:15 Ziggurat
17:06 Spirit Tower
17:08 Nerubian Tower
19:12 Necropolis
21:02 Ziggurat
21:04 Ziggurat
21:06 Ziggurat
21:08 Ziggurat
21:10 Ziggurat
21:12 Ziggurat
22:11 Spirit Tower
22:12 Spirit Tower
22:13 Nerubian Tower
22:14 Spirit Tower
22:15 Spirit Tower
22:16 Nerubian Tower
» items
| Rod of Necromancy | 1 | |
| Sacrificial Skull | 1 | |
| Potion of Lesser Invulnerability | 1 | |
| Boots of Speed | 1 | |
| Staff of Teleportation | 1 | |
| Potion of Healing | 2 | |
| Orb of Corruption | 3 | |
| Scroll of Town Portal | 1 | |
| Scroll of Healing | 1 | |
12 total
Lukia. (
purple | 127 APM | 5361 actions | 42:08)
8 Priestess of the Moon
3 Trueshot Aura
2 Scout
1 Starfall
2 Searing Arrows
» actions
| Assign group hotkey | 80 | |
| Basic commands | 388 | |
| Build / train | 191 | |
| ESC pressed | 6 | |
| Enter build submenu | 44 | |
| Enter hero's abilities submenu | 8 | |
| Right click | 1668 | |
| Select / deselect | 927 | |
| Select group hotkey | 1833 | |
| Use ability | 216 | |
5361 total
» units
| Wisp | 51 | |
| Glaive Thrower | 8 | |
| Archer | 12 | |
| Faerie Dragon | 1 | |
| Hippogryph | 37 | |
| Chimaera | 11 | |
120 total
» upgrades
| Ultravision | 1 | |
| Strength of the Moon | 2 | |
| Improved Bows | 1 | |
| Vorpal Blades | 1 | |
| Marksmanship | 1 | |
| Hippogryph Taming | 1 | |
| Corrosive Breath | 1 | |
| Strength of the Wild | 3 | |
| Nature's Blessing | 1 | |
| Reinforced Hides | 2 | |
14 total
» buildings
| Altar of Elders | 1 | |
| Moon Well | 9 | |
| Hunter's Hall | 2 | |
| Ancient of War | 6 | |
| Ancient of Wonders | 1 | |
| Ancient Protector | 13 | |
| Tree of Ages | 1 | |
| Tree of Eternity | 2 | |
| Tree of Life | 3 | |
| Ancient of Wind | 3 | |
| Chimaera Roost | 2 | |
43 total
» build order
00:17 Altar of Elders
00:20 Moon Well
01:49 Hunter's Hall
01:55 Ancient of War
02:24 Moon Well
02:37 Ancient of War
03:08 Moon Well
04:05 Ancient of Wonders
05:10 Ancient Protector
05:58 Moon Well
06:56 Ancient Protector
08:23 Tree of Ages
08:26 Moon Well
10:33 Ancient Protector
12:12 Tree of Eternity
12:12 Tree of Eternity
12:59 Tree of Life
13:17 Ancient Protector
13:19 Ancient Protector
15:59 Ancient of Wind
16:11 Ancient of Wind
17:26 Chimaera Roost
17:41 Moon Well
17:43 Moon Well
18:14 Ancient of Wind
19:52 Ancient Protector
20:28 Ancient Protector
21:06 Moon Well
22:08 Tree of Life
23:14 Ancient of War
23:40 Tree of Life
24:13 Ancient Protector
33:54 Ancient Protector
33:56 Ancient of War
33:57 Ancient of War
35:56 Chimaera Roost
36:38 Ancient Protector
36:42 Ancient Protector
36:59 Hunter's Hall
37:13 Ancient Protector
38:07 Ancient Protector
38:09 Moon Well
39:06 Ancient of War
» items
| Scroll of Healing | 5 | |
| Scroll of Town Portal | 2 | |
| Potion of Healing | 1 | |
| Potion of Lesser Invulnerability | 2 | |
| Potion of Invisibility | 1 | |
| Anti-magic Potion | 1 | |
12 total
team 2 (winner)
Blahsmack (
orange | 28 APM | 1221 actions | 43:27)
2 Blademaster
1 Critical Strike
1 Wind Walk
» actions
| Basic commands | 24 | |
| Build / train | 41 | |
| Enter build submenu | 24 | |
| Enter hero's abilities submenu | 2 | |
| Give item / drop item | 3 | |
| Remove unit from queue | 2 | |
| Right click | 806 | |
| Select / deselect | 232 | |
| Use ability | 87 | |
1221 total
» units
» buildings
| War Mill | 1 | |
| Altar of Storms | 1 | |
| Orc Burrow | 4 | |
| Watch Tower | 19 | |
| Voodoo Lounge | 1 | |
| Stronghold | 2 | |
| Beastiary | 3 | |
31 total
» build order
00:09 War Mill
00:15 Altar of Storms
00:54 Orc Burrow
01:33 Orc Burrow
01:45 Watch Tower
02:18 Voodoo Lounge
02:30 Watch Tower
03:37 Watch Tower
03:41 Watch Tower
03:59 Orc Burrow
04:04 Orc Burrow
04:41 Watch Tower
04:42 Watch Tower
05:05 Stronghold
05:06 Stronghold
05:44 Watch Tower
05:48 Watch Tower
05:57 Watch Tower
07:02 Watch Tower
07:07 Watch Tower
07:15 Watch Tower
07:34 Beastiary
07:40 Beastiary
07:41 Beastiary
09:23 Watch Tower
09:23 Watch Tower
09:24 Watch Tower
10:26 Watch Tower
10:27 Watch Tower
10:29 Watch Tower
10:32 Watch Tower
» items
| Healing Salve | 2 | |
| Lesser Clarity Potion | 1 | |
| Circlet of Nobility | 1 | |
| Staff of Teleportation | 1 | |
| Potion of Healing | 1 | |
6 total
Gobiner (
blue | 46 APM | 1978 actions | 43:28)
5 Archmage
3 Blizzard
2 Brilliance Aura
4 Blood Mage
2 Flame Strike
1 Siphon Mana
1 Banish
» actions
| Assign group hotkey | 26 | |
| Basic commands | 63 | |
| Build / train | 126 | |
| ESC pressed | 6 | |
| Enter build submenu | 47 | |
| Enter hero's abilities submenu | 9 | |
| Remove unit from queue | 2 | |
| Right click | 548 | |
| Select / deselect | 469 | |
| Select group hotkey | 462 | |
| Use ability | 219 | |
1978 total
» units
| Peasant | 25 | |
| Priest | 7 | |
| Sorceress | 7 | |
| Gryphon Rider | 10 | |
| Dragonhawk Rider | 1 | |
50 total
» upgrades
| Masonry | 3 | |
| Magic Sentry | 1 | |
| Lumber Harvesting | 2 | |
| Sorceress Training | 2 | |
| Priest Training | 2 | |
| Storm Hammers | 1 | |
| Armor | 3 | |
| Swords | 3 | |
| Animal War Training | 1 | |
| Cloud | 1 | |
| Defend | 1 | |
| Long Rifles | 1 | |
| Control Magic | 1 | |
22 total
» buildings
| Altar of Kings | 1 | |
| Lumber Mill | 1 | |
| Farm | 10 | |
| Scout Tower | 68 | |
| Arcane Tower | 3 | |
| Guard Tower | 27 | |
| Keep | 1 | |
| Arcane Sanctum | 1 | |
| Town Hall | 2 | |
| Castle | 1 | |
| Arcane Vault | 1 | |
| Gryphon Aviary | 4 | |
| Blacksmith | 1 | |
| Barracks | 1 | |
122 total
» build order
00:06 Altar of Kings
00:09 Lumber Mill
00:19 Farm
01:13 Scout Tower
01:23 Farm
01:28 Scout Tower
01:43 Arcane Tower
01:47 Scout Tower
02:06 Guard Tower
02:23 Scout Tower
02:32 Scout Tower
02:36 Guard Tower
03:04 Guard Tower
03:05 Scout Tower
03:20 Scout Tower
03:22 Scout Tower
03:38 Keep
03:43 Guard Tower
03:45 Scout Tower
04:17 Scout Tower
04:42 Arcane Tower
05:19 Scout Tower
05:29 Guard Tower
05:33 Scout Tower
05:57 Arcane Tower
06:08 Arcane Sanctum
06:25 Farm
06:26 Farm
06:28 Farm
06:33 Guard Tower
06:35 Scout Tower
07:37 Guard Tower
07:38 Scout Tower
07:44 Scout Tower
07:45 Scout Tower
07:46 Scout Tower
08:10 Town Hall
08:32 Guard Tower
09:24 Scout Tower
09:36 Guard Tower
10:12 Guard Tower
10:18 Scout Tower
10:57 Castle
11:52 Guard Tower
11:59 Guard Tower
12:03 Scout Tower
12:04 Scout Tower
13:06 Guard Tower
13:10 Scout Tower
13:11 Scout Tower
13:12 Scout Tower
13:24 Arcane Vault
13:47 Guard Tower
14:38 Guard Tower
17:32 Scout Tower
17:51 Guard Tower
17:55 Scout Tower
17:56 Scout Tower
17:56 Scout Tower
17:57 Scout Tower
17:58 Scout Tower
17:59 Scout Tower
18:25 Guard Tower
19:21 Guard Tower
22:06 Scout Tower
22:07 Scout Tower
22:08 Scout Tower
22:43 Gryphon Aviary
22:44 Gryphon Aviary
22:45 Gryphon Aviary
22:46 Blacksmith
22:54 Gryphon Aviary
22:57 Barracks
23:10 Farm
23:11 Farm
23:13 Farm
23:15 Farm
23:16 Farm
23:33 Guard Tower
32:26 Town Hall
32:31 Scout Tower
32:32 Scout Tower
32:33 Scout Tower
32:34 Scout Tower
32:34 Scout Tower
32:36 Scout Tower
32:37 Scout Tower
32:38 Scout Tower
32:38 Scout Tower
32:39 Scout Tower
32:40 Scout Tower
32:42 Scout Tower
34:04 Guard Tower
35:20 Scout Tower
35:21 Scout Tower
35:22 Scout Tower
35:23 Scout Tower
35:24 Scout Tower
35:24 Scout Tower
35:25 Scout Tower
35:26 Scout Tower
35:27 Scout Tower
35:27 Scout Tower
36:22 Guard Tower
36:49 Guard Tower
40:08 Guard Tower
40:29 Scout Tower
40:30 Scout Tower
40:34 Scout Tower
40:35 Scout Tower
40:36 Scout Tower
40:37 Scout Tower
40:40 Scout Tower
40:41 Scout Tower
40:42 Scout Tower
40:45 Scout Tower
40:46 Scout Tower
40:47 Scout Tower
41:00 Guard Tower
41:52 Guard Tower
41:56 Guard Tower
43:27 Guard Tower
» items
| Staff of Sanctuary | 2 | |
| Boots of Speed | 2 | |
| Staff of Teleportation | 2 | |
| Scroll of Town Portal | 1 | |
7 total
Gobinerself (
pink | 96 APM | 4171 actions | 43:27)
9 Mountain King
3 Storm Bolt
3 Bash
1 Avatar
2 Thunder Clap
6 Paladin
3 Holy Light
2 Divine Shield
1 Resurrection
» actions
| Assign group hotkey | 32 | |
| Basic commands | 41 | |
| Build / train | 156 | |
| ESC pressed | 1 | |
| Enter build submenu | 51 | |
| Enter hero's abilities submenu | 15 | |
| Give item / drop item | 11 | |
| Remove unit from queue | 1 | |
| Right click | 2099 | |
| Select / deselect | 524 | |
| Select group hotkey | 990 | |
| Use ability | 250 | |
4171 total
» units
| Peasant | 25 | |
| Priest | 6 | |
| Sorceress | 7 | |
| Dragonhawk Rider | 7 | |
| Gryphon Rider | 6 | |
| Flying Machine | 6 | |
57 total
» upgrades
| Masonry | 3 | |
| Magic Sentry | 1 | |
| Lumber Harvesting | 2 | |
| Priest Training | 2 | |
| Sorceress Training | 2 | |
| Storm Hammers | 1 | |
| Armor | 3 | |
| Animal War Training | 1 | |
| Flak Cannons | 1 | |
| Swords | 3 | |
| Cloud | 1 | |
20 total
» buildings
| Altar of Kings | 1 | |
| Scout Tower | 26 | |
| Farm | 18 | |
| Arcane Tower | 6 | |
| Lumber Mill | 1 | |
| Guard Tower | 14 | |
| Arcane Vault | 1 | |
| Keep | 1 | |
| Town Hall | 2 | |
| Arcane Sanctum | 1 | |
| Castle | 1 | |
| Barracks | 1 | |
| Blacksmith | 1 | |
| Gryphon Aviary | 2 | |
| Workshop | 3 | |
79 total
» build order
00:07 Altar of Kings
00:30 Scout Tower
00:35 Farm
01:00 Arcane Tower
01:06 Lumber Mill
01:30 Farm
01:34 Scout Tower
02:09 Scout Tower
02:10 Guard Tower
02:41 Guard Tower
02:44 Scout Tower
03:36 Guard Tower
03:38 Scout Tower
04:13 Arcane Vault
04:42 Keep
04:56 Farm
05:07 Guard Tower
05:08 Scout Tower
05:58 Town Hall
06:08 Arcane Tower
06:09 Scout Tower
06:34 Farm
07:27 Guard Tower
07:32 Scout Tower
07:56 Arcane Sanctum
07:58 Arcane Tower
08:05 Scout Tower
08:39 Guard Tower
09:14 Scout Tower
09:15 Scout Tower
09:16 Scout Tower
10:36 Guard Tower
12:49 Scout Tower
12:50 Scout Tower
12:52 Scout Tower
12:53 Scout Tower
12:53 Scout Tower
12:55 Castle
14:29 Guard Tower
15:19 Guard Tower
15:58 Scout Tower
15:58 Scout Tower
16:04 Farm
16:07 Barracks
16:10 Blacksmith
16:12 Gryphon Aviary
16:32 Guard Tower
16:53 Guard Tower
18:21 Scout Tower
18:22 Scout Tower
20:40 Guard Tower
20:47 Gryphon Aviary
20:51 Workshop
20:52 Workshop
21:20 Scout Tower
22:27 Farm
22:28 Farm
22:29 Farm
22:41 Arcane Tower
22:43 Farm
22:45 Farm
22:46 Farm
22:46 Farm
22:48 Farm
22:49 Farm
22:50 Farm
23:09 Farm
23:11 Farm
23:16 Farm
32:43 Town Hall
34:45 Scout Tower
34:48 Scout Tower
35:23 Arcane Tower
35:23 Guard Tower
35:27 Scout Tower
35:28 Scout Tower
35:58 Guard Tower
36:03 Arcane Tower
42:06 Workshop
» items
| Staff of Teleportation | 3 | |
| Boots of Speed | 1 | |
| Lesser Clarity Potion | 9 | |
| Healing Salve | 1 | |
| Potion of Healing | 5 | |
| Potion of Mana | 6 | |
| Potion of Lesser Invulnerability | 1 | |
| Scroll of Healing | 1 | |
| Scroll of Town Portal | 3 | |
| Staff of Sanctuary | 2 | |
| Scroll of Regeneration | 1 | |
| Orb of Fire | 1 | |
34 total
Chat log
(00:13 / Allies) Gobinerself: go standard this game imo gob
(00:26 / Allies) Gobinerself: yes
(00:27 / Allies) Gobinerself: thats true
(00:33 / Allies) Gobinerself: plus not enough to creep
(00:56 / Allies) Gobinerself: this game not worth creeping straight up
(01:22 / Allies) Gobinerself: harrass militia creep your mine
(01:39 / All) Gobiner: gl hf
(01:47 / All) Blahsmack: manners please
(01:53 / All) Gobiner: NOT -- Borat
(01:59 / All) guhui: we dont need a luck thou
(02:07 / All) Blahsmack: you need skills
(02:09 / All) Blahsmack: LOL
(02:18 / Allies) Gobinerself: tbh im worried these guys are good
(02:24 / All) guhui: exactly
(02:27 / Allies) Gobinerself: ive got a feeling
(02:34 / Allies) Gobinerself: slowest hero ever
(02:54 / Allies) Gobinerself: worst tower ever
(03:30 / Allies) Gobinerself: lol
(03:32 / Allies) Gobinerself: nice
(04:50 / Allies) Gobinerself: t t
(08:43 / Allies) Gobinerself: nothing to help with
(09:24 / Allies) Gobinerself: blahsmack you have a real dramatic voice
(09:58 / Allies) Gobinerself: why dont you just tp gobiner
(10:02 / Allies) Gobinerself: its only 350 gold
(10:05 / Allies) Gobinerself: sheesh
(10:17 / Allies) Gobinerself: cool you can heal up at his base
(10:29 / Allies) Gobinerself: too late now though
(11:12 / Allies) Gobinerself: the good thing about towering is we have gold
(11:17 / Allies) Gobinerself: so feel free to buy pots etc
(13:36 / Allies) Gobiner: win some
(13:38 / Allies) Gobiner: lose cum
(16:28 / Allies) Gobinerself: we can win this if they dont take middle mines
(17:00 / Allies) Gobinerself: speaking of which
(17:07 / Allies) Gobinerself: get that blah
(17:54 / Allies) Gobinerself: harrass gob
(18:00 / Allies) Gobinerself: also
(21:07 / Allies) Gobinerself: not until 5
(21:15 / Allies) Gobinerself: no only one
(21:21 / Allies) Gobinerself: not sure
(22:21 / Allies) Gobinerself: tt
(22:34 / Allies) Gobinerself: nope start massing up gryphs
(23:10 / Allies) Gobinerself: yes
(23:21 / Allies) Gobinerself: stop mining at 80 food though
(23:26 / Allies) Gobinerself: nope
(23:28 / All) Lukia.: 나무 남으시는분
(23:54 / Allies) Gobinerself: no but get it when you level
(24:06 / Allies) Gobinerself: ugh no
(25:29 / Allies) Gobinerself: owned
(27:19 / Allies) Gobinerself: yes
(29:15 / All) Blahsmack: lmao
(29:31 / All) Blahsmack: YUO CAN BUILD A HUNDRED MILLION TOWARS AND DEFEAT HIM WITH TEH EASE OF A FLICKERING MOUSE TWISTCH!!!
(30:41 / All) Blahsmack: they are vary violent and uses teh powar of war to combine a war elemant to stragety and form a attack death smash which leaves
(31:27 / All) Blahsmack: NIGHT ELFS: okey, NEVER PLAY AS ELFS!
(31:27 / All) Blahsmack: I will not evan adress teh elfes in this guide becuase they dont deserve a shake of my fist in a summar's brew!
(31:41 / Allies) Gobinerself: YOU FAGGOT
(33:22 / Allies) Blahsmack: they are vary violent and uses teh powar of war to combine a war elemant to stragety and form a attack death smash which leaves
(33:30 / Allies) Gobinerself: im out of gold so mining a bit before going bakc into upkeep
(33:48 / Allies) Gobinerself: ps that bm was dead if you didnt tp to my mk
(33:50 / Allies) Gobiner: sorry
(34:37 / All) Gobinerself: no faggot has ever had so much luck
(35:03 / Allies) Gobinerself: stay out of upkeep for now
(35:11 / Allies) Gobiner: k
(35:13 / Allies) Gobiner: now what?
(35:18 / Allies) Gobinerself: back to towering
(35:21 / Allies) Gobinerself: we can win again
(36:37 / Allies) Gobinerself: pretty sure
(37:05 / All) Blahsmack: 2ez
(37:46 / Allies) Gobinerself: woot res
(38:08 / Allies) Blahsmack: y
(38:11 / All) Blahsmack: you nubs there
(38:15 / All) Blahsmack: a/s/l
(38:27 / All) guhui: YEA TOWER NOOBS RIGHT THERE
(38:35 / Allies) Gobinerself: these last fews games have been hardcore ownage from me
(38:38 / All) Blahsmack: pretty mean
(38:44 / All) Gobiner: manner plz
(39:22 / All) Blahsmack: A/S/L
(40:03 / All) Gobinerself: im out bro
(40:28 / All) Blahsmack: Y U THROW CHIP?
(41:53 / Allies) Gobinerself: T T
(42:02 / All) Blahsmack: LOL NOOB WASTED SCROLL
(42:10 / All) Gobiner: 2ez
(42:11 / All) Gobiner: nubs
(42:12 / All) Gobinerself: 2 e z noobs
(42:30 / Allies) Gobinerself: yah
(42:41 / All) guhui: IS THIS MANNER WHAT U SAID? HUH? UR MOM TEACH U THIS WAY?
(42:41 / Allies) Gobinerself: yes and hes a ud playet
(42:44 / Allies) Gobinerself: hes also very good
(42:51 / All) Blahsmack: my mom wasnt there
(42:52 / Allies) Gobinerself: which this guy wasnt
(42:56 / All) Blahsmack: i have no moral compass
(43:05 / Allies) Gobinerself: less micro than me not playing with effort
(43:08 / Allies) Gobinerself: he isnt gostop
(43:18 / All) guhui: OF COURSE CUZ UR MOM LEFT U WHEN U JUST BORNED